 Dungeon Crawl Stone Soup version 0.21.1-1-g345015f (webtiles) character file.

60 gyp21 the Magician (level 3, -5/26 HPs)
             Began as a Mummy Fire Elementalist on Feb 7, 2018.
             Slain by Natasha (8 damage)
             ... on level 2 of the Dungeon.
             The game lasted 00:03:56 (1644 turns).

gyp21 the Magician (Mummy Fire Elementalist)        Turns: 1644, Time: 00:03:57

Health: -5/26      AC:  2    Str: 11    XL:     3   Next: 82%
Magic:  0/7        EV: 12    Int: 15    God:
Gold:   45         SH:  0    Dex: 12    Spells: 7/8 levels left

rFire    x . .     SeeInvis .   d - +0 hunting sling
rCold    + . .     Gourm    .   (no shield)
rNeg     + + +     Faith    .   a - +0 robe
rPois    ∞         Spirit   .   (no helmet)
rElec    .         Reflect  .   (no cloak)
rCorr    .         Harm     .   (no gloves)
MR       .....                  (no boots)
Stlth    ++........             (no amulet)
HPRegen  0.08/turn              (no ring)
MPRegen  0.10/turn              (no ring)

@: very slightly contaminated, slowed, very slow
A: no food or potions, fire vulnerability, cold resistance 1, negative energy
resistance 3, torment resistance, unbreathing
a: no special abilities


You were on level 2 of the Dungeon.
You were not hungry.

You visited 1 branch of the dungeon, and saw 2 of its levels.

You collected 45 gold pieces.

Inventory:

Hand Weapons
 d - a +0 hunting sling (weapon)
Missiles
 f - 24 sling bullets
 h - 17 stones (quivered)
Armour
 a - a +0 robe (worn)
Scrolls
 c - a scroll of noise {unknown}
 e - a scroll of identify {unknown}
 g - 2 scrolls of remove curse {unknown}
Books
 b - a book of Flames

   Spells                             Type                      Level
   a - Flame Tongue                   Conjuration/Fire             1
   b - Throw Flame                    Conjuration/Fire             2
   c - Conjure Flame                  Conjuration/Fire             3
   d - Inner Flame                    Hexes/Fire                   3
   e - Sticky Flame                   Conjuration/Fire             4
   f - Fireball                       Conjuration/Fire             5


   Skills:
 + Level 1.3 Fighting
 + Level 2.1 Dodging
 - Level 1.5 Stealth
 + Level 3.3 Spellcasting
 + Level 1.4 Conjurations
 + Level 2.8 Fire Magic


You had 7 spell levels left.
You knew the following spells:

 Your Spells              Type           Power        Failure   Level  Hunger
a - Flame Tongue          Conj/Fire      #....        9%          1    N/A

Dungeon Overview and Level Annotations

Branches:
Dungeon (2/15)

Altars:
Uskayaw

Annotations:
D:2 Natasha


Innate Abilities, Weirdness & Mutations

You do not eat or drink.
Your flesh is vulnerable to fire.
You are immune to poison.
Your flesh is cold resistant. (rC+)
You are immune to negative energy. (rN+++)
You are immune to unholy pain and torment.
You can survive without breathing.


Message History

Natasha casts a spell.
Casting: Flame Tongue
Confirm with . or Enter, or press ? or * to list all spells.
Aiming: Flame Tongue
Press: ? - help, Shift-Dir - straight line, f/p - Natasha
Aim: Natasha (severely wounded)
The flame tongue hits Natasha.
Natasha is almost dead.
Natasha claws you. The iron imp hits you!
* * * LOW HITPOINT WARNING * * *
Casting: Flame Tongue
Confirm with . or Enter, or press ? or * to list all spells.
Aiming: Flame Tongue
Press: ? - help, Shift-Dir - straight line, f/p - Natasha
Aim: Natasha (almost dead)
The flame tongue misses Natasha.
Natasha barely misses you. The iron imp hits you.
* * * LOW HITPOINT WARNING * * *
Natasha claws you!
You die...

#### #..# #>#
#..(# #..# #.#
#.#.# #..# #.#
#%⌠.### #..#
#.# .# #..(.#
#..# #.####
#h⌠.#.'.#
#..####.....
#..'.#
#..#........
#.######
#..#<#######
#(.h@5.###..#.#
######......#.#
#.###....# #.#
###### #.# #.#
#.# #.# #.#


You could see an iron imp and Natasha.

Vanquished Creatures
  Natasha (D:2)
  A worm (D:2)
  A dart slug (D:1)
  A leopard gecko (D:1)
  3 bat skeletons (D:2)
  5 goblins (D:1)
  4 hobgoblins (D:1)
  3 jackals (D:2)
  3 bats (D:1)
  2 kobolds (D:1)
  6 rats
30 creatures vanquished.

Notes
Turn   | Place    | Note
-------+----------+-------------------------------------------
     0 | D:1      | gyp21 the Mummy Fire Elementalist began the quest for the Orb.
     0 | D:1      | Reached XP level 1. HP: 13/13 MP: 4/4
   154 | D:1      | Reached skill level 1 in Conjurations
   407 | D:1      | Reached XP level 2. HP: 20/20 MP: 1/5
   643 | D:1      | Reached skill level 3 in Spellcasting
  1175 | D:2      | Found a hide-covered altar of Uskayaw.
  1221 | D:2      | Reached skill level 1 in Fighting
  1230 | D:2      | Reached XP level 3. HP: 26/26 MP: 3/7
  1385 | D:2      | Noticed Natasha
  1477 | D:2      | Killed Natasha
  1636 | D:2      | Noticed Natasha
  1644 | D:2      | Slain by Natasha

Skill      XL: |  1  2  3 |
---------------+----------+-----
Conjurations   | 1 |  1.4
Spellcasting   | 3 |  3.3
Fighting       | 1 |  1.3
Dodging        | 2 |  2.1
Stealth        | |  1.5
Fire Magic     | |  2.8

Action                   || total
-------------------------++-------
 Fire: Hunting sling     ||    36
 Cast: Flame Tongue      ||    47
Armor: Robe              ||     9
Dodge: Dodged            ||    27
